 Dungeon Crawl Stone Soup version 0.17.0-28-g6e173f8 (webtiles) character file.

4392 septik the Thaumaturge (level 10, -4/56 HPs)
             Began as a Gargoyle Earth Elementalist on Nov 23, 2015.
             Was an Initiate of Vehumet.
             Slain by a wyvern (9 damage)
             ... on level 9 of the Dungeon.
             The game lasted 00:26:19 (8592 turns).

septik the Thaumaturge (GrEE)                       Turns: 8592, Time: 00:26:19

Health: -4/56      AC: 12    Str: 12    XL:     10   Next: 35%
Magic:  2/22       EV: 12    Int: 19    God:    Vehumet [......]
Gold:   97         SH:  0    Dex: 10    Spells: 4 memorised, 14 levels left

rFire  . . .     SeeInvis .     b - 119 stones
rCold  . . .     Clarity  .     h - +0 robe
rNeg   + . .     SustAt   .     (no shield)
rPois  ∞         Gourm    .     (no helmet)
rElec  +         Spirit   .     D - +1 cloak
rCorr  .         Warding  .     r - +0 pair of gloves
rMut   .         Stasis   .     (no boots)
MR     .....                    (no amulet)
Stlth  +++.......               C - ring of stealth
                                s - ring of flight

@: not resistant to hostile enchantments, fairly stealthy
A: negative energy resistance 1, electricity resistance, unbreathing,
petrification resistance, rot immunity, AC +7
a: Renounce Religion, Evoke Flight


You were on level 9 of the Dungeon.
You worshipped Vehumet.
Vehumet was noncommittal.
You were not hungry.

You visited 1 branch of the dungeon, and saw 9 of its levels.

You collected 307 gold pieces.
You spent 210 gold pieces at shops.

Inventory:

Hand Weapons
 a - a +2 mace of crushing
 A - a +0 short sword
Missiles
 b - 119 stones (in hand)
Armour
 h - a +0 robe (worn)
 r - a +0 pair of gloves (worn)
 D - a +1 cloak (worn)
 L - a +2 shield
Jewellery
 s - a ring of flight (left hand)
 C - a ring of stealth (right hand)
 Q - a +4 ring of dexterity {unknown}
 U - a cursed -2 ring of evasion {unknown}
Wands
 y - a wand of cold (5)
 z - a wand of slowing (7)
 M - a wand of disintegration (15)
Scrolls
 e - 2 scrolls of noise {unknown}
 f - 7 scrolls of remove curse {unknown}
 m - 8 scrolls of identify {unknown}
 o - 2 scrolls of amnesia {unknown}
 p - a scroll of fear {unknown}
 q - 4 scrolls of recharging {unknown}
 t - a scroll of random uselessness {unknown}
 w - a scroll of enchant armour {unknown}
 F - 2 scrolls of teleportation {unknown}
 G - a scroll of torment {unknown}
 J - a scroll of magic mapping {unknown}
 O - a scroll of immolation {unknown}
 T - a scroll of enchant weapon {unknown}
Potions
 j - 3 potions of lignification {unknown}
 k - 8 potions of curing
 l - 4 potions of heal wounds {unknown}
 u - a potion of brilliance {unknown}
 x - a potion of haste {unknown}
 B - a potion of might {unknown}
 E - a potion of resistance {unknown}
 H - a potion of degeneration {unknown}
 I - a potion of agility
 N - 2 potions of poison {unknown}
 R - a potion of cancellation {unknown}
 S - 2 potions of magic {unknown}
 V - a potion of flight {unknown}
Books
 c - a book of Geomancy

   Spells                             Type                      Level
   a - Sandblast                      Earth                        1
   b - Stoneskin                      Transmutation/Earth          2
   c - Passwall                       Transmutation/Earth          3
   d - Stone Arrow                    Conjuration/Earth            3
   e - Petrify                        Transmutation/Earth          4
   f - Lee's Rapid Deconstruction     Earth                        5
 n - a book of Callings

   Spells                             Type                      Level
   a - Summon Small Mammal            Summoning                    1
   b - Call Imp                       Summoning                    2
   c - Call Canine Familiar           Summoning                    3
   d - Summon Guardian Golem          Hexes/Summoning              3
   e - Summon Lightning Spire         Summoning/Air                4
   f - Summon Ice Beast               Ice/Summoning                4
 K - a Young Poisoner's Handbook

   Spells                             Type                      Level
   a - Sting                          Conjuration/Poison           1
   b - Cure Poison                    Poison                       2
   c - Mephitic Cloud                 Conjuration/Poison/Air       3
   d - Olgreb's Toxic Radiance        Poison                       4
   e - Venom Bolt                     Conjuration/Poison           5
 P - a book of Burglary

   Spells                             Type                      Level
   a - Swiftness                      Charms/Air                   2
   b - Passwall                       Transmutation/Earth          3
   c - Passage of Golubria            Translocation                4
   d - Lee's Rapid Deconstruction     Earth                        5
   e - Darkness                       Hexes                        6
   f - Invisibility                   Hexes                        6
Comestibles
 d - 8 bread rations
 g - a beef jerky
 i - 6 fruits
 v - 9 meat rations
 W - a slice of pizza


   Skills:
 + Level 3.2 Fighting
 + Level 2.7 Maces & Flails
 + Level 3.4 Armour
 + Level 3.0 Dodging
 - Level 2.1 Stealth
 + Level 2.9 Shields
 * Level 8.4 Spellcasting
 + Level 7.7 Conjurations
 - Level 0.7 Transmutations
 + Level 8.2 Earth Magic


You had 14 spell levels left.
You knew the following spells:

 Your Spells              Type           Power        Failure   Level  Hunger
a - Sandblast             Erth           #####.       1%          1    None
b - Stoneskin             Trmt/Erth      ####....     1%          2    None
c - Stone Arrow           Conj/Erth      #####.       1%          3    None
d - Lee's Rapid Deconstr  Erth           #####.....   12%         5    #####..


Dungeon Overview and Level Annotations

Branches:
Dungeon (9/15)             Temple (0/1) D:7
   Lair: D:8-11         Orc: D:9-12

Altars:
Ashenzari
Cheibriados
Elyvilon
Kikubaaqudgha
Trog
Vehumet
Yredelemnul

Shops:
D:7 *

Annotations:
D:5 Grinder
D:8 Grum


Innate Abilities, Weirdness & Mutations

You are resistant to torment.
Your stone body is resilient (AC +7).
You are immune to poison.
You resist negative energy.
You are resistant to electric shocks.
You can survive without breathing.
You are immune to petrification.
You are immune to rotting.


Message History

There is a stone staircase leading up here.
Really attack while wielding your 120 stones?
Okay, then.
Casting: Sandblast
Confirm with . or Enter, or press ? or * to list all spells.
Aiming: Sandblast
Press: ? - help, Shift-Dir - straight line, f - wolf
Aim: a wolf (almost dead)
The rocky blast hits the wolf.
You kill the wolf!
Vehumet accepts your kill.
Your magical contamination has completely faded away.
The wyvern bites you!
* * * LOW HITPOINT WARNING * * *
The wyvern bites you but does no damage.
A hound comes into view.
The wyvern bites you!
* * * LOW HITPOINT WARNING * * *
The wyvern bites you!
You die...

### ..#
#.# #.#
#.# ##
#@####...h
#l.....#
#..#####
#..# #..#
#<.#
#†.......
#...#####
.....#


You could see a wyvern.

Vanquished Creatures
  The ghost of Uberwunderbarhen the Ducker, a novice OpSk of Makhleb (D:7)
  Joseph (D:7)
  A spriggan (D:7)
  The ghost of skk the Bolt Thrower, an amateur CeAM (D:4)
  3 wolves
  Duvessa (D:5)
  2 orc warriors (D:6)
  2 ice beasts
  3 sky beasts
  A black bear (D:7)
  3 ogres
  2 necrophages
  3 centaurs
  A phantom (D:5)
  2 giant frogs
  Blork the orc (D:4)
  Dowan (D:5)
  A water moccasin skeleton (D:5)
  2 scorpions
  2 crimson imps
  A gnoll shaman (D:5)
  3 hounds
  A quasit (D:7)
  A jelly (D:6)
  An orc priest (D:6)
  A centaur skeleton (D:5)
  3 giant frog skeletons
  4 iguanas
  6 orc wizards
  6 worker ants
  A hound zombie (D:7)
  5 gnolls (D:5)
  8 adders
  2 shadow imps
  2 adder skeletons
  2 worms
  A giant gecko (D:1)
  28 orcs
  A giant cockroach (D:1)
  3 hobgoblins
  11 jackals
  5 quokkas
  A ball python zombie (D:5)
  9 bats
  2 giant gecko skeletons
  3 giant newts
  8 goblins
  A jackal skeleton (D:4)
  5 kobolds
  2 quokka skeletons
  9 rats
170 creatures vanquished.

Vanquished Creatures (others)
  A crimson imp (D:7)
  3 plants (D:2)
4 creatures vanquished.

Grand Total: 174 creatures vanquished

Notes
Turn   | Place    | Note
--------------------------------------------------------------
     0 | D:1      | septik the Gargoyle Earth Elementalist began the quest for the Orb.
     0 | D:1      | Reached XP level 1. HP: 10/10 MP: 3/3
   180 | D:1      | Reached XP level 2. HP: 15/15 MP: 5/5
   352 | D:1      | Reached skill level 4 in Earth Magic
   649 | D:1      | Reached XP level 3. HP: 10/19 MP: 0/7
   653 | D:1      | Learned a level 2 spell: Stoneskin
   657 | D:1      | Learned a level 3 spell: Stone Arrow
   915 | D:2      | Found a bloodstained altar of Trog.
  1986 | D:3      | Reached XP level 4. HP: 16/24 MP: 9/9
  2353 | D:4      | Found a snail-covered altar of Cheibriados.
  2355 | D:4      | Reached XP level 5. HP: 24/28 MP: 8/10
  2451 | D:4      | Reached skill level 5 in Earth Magic
  2620 | D:4      | Reached skill level 1 in Conjurations
  2623 | D:4      | Noticed skk's ghost (amateur CeAM)
  2706 | D:4      | Killed skk's ghost
  2706 | D:4      | Reached XP level 6. HP: 22/32 MP: 1/13
  2803 | D:4      | Found a shattered altar of Ashenzari.
  3181 | D:5      | Entered Level 5 of the Dungeon
  3215 | D:5      | Reached skill level 5 in Spellcasting
  3215 | D:5      | Reached XP level 7. HP: 36/36 MP: 10/14
  3250 | D:5      | Noticed Grinder
  3450 | D:5      | Noticed Dowan
  3451 | D:5      | Noticed Duvessa
  3452 | D:5      | Noticed Blork the orc
  3711 | D:4      | Killed Blork the orc
  3711 | D:4      | Reached skill level 6 in Earth Magic
  3859 | D:5      | Killed Duvessa
  4085 | D:5      | Killed Dowan
  4085 | D:5      | Reached XP level 8. HP: 41/41 MP: 11/16
  4143 | D:5      | Reached skill level 5 in Conjurations
  5092 | D:5      | Reached skill level 7 in Earth Magic
  6127 | D:6      | Reached XP level 9. HP: 45/45 MP: 11/19
  6221 | D:6      | Learned a level 5 spell: Lee's Rapid Deconstruction
  6523 | D:6      | Reached skill level 1 in Armour
  6632 | D:6      | Reached skill level 1 in Fighting
  6818 | D:6      | Reached skill level 1 in Maces & Flails
  6818 | D:6      | Reached skill level 1 in Shields
  7035 | D:6      | Found a basalt altar of Yredelemnul.
  7296 | D:7      | Noticed Joseph
  7308 | D:7      | Killed Joseph
  7516 | D:7      | Reached skill level 8 in Spellcasting
  7516 | D:7      | Reached XP level 10. HP: 28/54 MP: 0/22
  7665 | D:7      | Found an ancient bone altar of Kikubaaqudgha.
  7713 | D:7      | Noticed Uberwunderbarhen's ghost (novice OpSk)
  7723 | D:7      | Killed Uberwunderbarhen's ghost
  7958 | D:7      | Found a white marble altar of Elyvilon.
  7958 | D:7      | Found a radiant altar of Vehumet.
  7966 | D:7      | Became a worshipper of Vehumet
  8059 | D:7      | Found Tuotzasi's Assorted Antiques.
  8064 | D:7      | Bought a wooden ring for 120 gold pieces
  8064 | D:7      | Bought a bubbling yellow potion for 21 gold pieces
  8064 | D:7      | Bought a scroll labeled RERHOT YRAT for 24 gold pieces
  8064 | D:7      | Bought a smoky emerald potion for 21 gold pieces
  8064 | D:7      | Bought a scroll labeled YNNANEGH LUTAQ for 24 gold pieces
  8264 | D:7      | Found a staircase to the Ecumenical Temple.
  8554 | D:8      | Noticed Grum
  8592 | D:9      | Slain by a wyvern

Action                   |  1- 3 |  4- 6 |  7- 9 | 10-12 || total
-------------------------+-------+-------+-------+-------++-------
Melee: Short sword       |   171 |    21 |       |       ||   192
       Mace              |       |    19 |   205 |    52 ||   276
 Cast: Sandblast         |    47 |    46 |    33 |     4 ||   130
       Stone Arrow       |       |       |    92 |    25 ||   117
       Stoneskin         |       |       |     2 |       ||     2
  Use: Potion            |       |     1 |     1 |       ||     2
 Stab: Sleeping          |     3 |     2 |     3 |     2 ||    10
       Distracted        |       |       |     1 |     1 ||     2
  Eat: Chunk             |     3 |     3 |    18 |     1 ||    25
       Bread ration      |       |       |       |     1 ||     1
